 Dungeon Crawl Stone Soup version 0.16.1-51-g6203257 (webtiles) character file.

31355 poirepourri the Fighter (level 13, -24/130 HPs)
             Began as a Deep Dwarf Berserker on Aug 4, 2015.
             Was a Believer of Trog.
             Annihilated by an azure jelly (shapeshifter) (27 damage)
             ... on level 15 of the Dungeon.
             The game lasted 00:39:44 (9401 turns).

poirepourri the Fighter (Deep Dwarf Berserker)      Turns: 9401, Time: 00:39:44

Health: -24/130    AC: 13    Str: 29    XL:     13   Next: 25%
Magic:  5/5        EV: 16    Int: 10    God:    Trog [**....]
Gold:   459        SH:  5    Dex: 13    Spells: 0 memorised, 12 levels left

rFire  + . .     SeeInvis .     a - +8 hand axe
rCold  x . .     Clarity  .     n - +1 scale mail
rNeg   + . .     SustAb   .     y - +0 buckler
rPois  .         Gourm    .     (no helmet)
rElec  .         Spirit   .     w - +0 cloak
rCorr  +         Warding  .     j - +1 pair of gloves
rMut   .         Stasis   .     (no boots)
MR     +....                    r - amulet of resist corrosion
Stlth  +.........               K - ring of Qofiemp {rN+ Str+3 Int+3}
                                J - ring of fire

@: exhausted, non-regenerating, somewhat resistant to hostile enchantments, very
unstealthy
A: damage resistance, recharge devices, blink 1, sense surroundings 2, slow
healing 3
a: Device Recharging, Blink, Burn Spellbooks, Berserk, Trog's Hand, Renounce
Religion


You were on level 15 of the Dungeon.
You worshipped Trog.
Trog was pleased with you.
You were very hungry.

You visited 2 branches of the dungeon, and saw 14 of its levels.

You collected 654 gold pieces.
You spent 195 gold pieces at shops.

Inventory:

Hand weapons
 a - a +8 hand axe (weapon)
Armour
 b - a +0 animal skin
 f - a +0 ring mail
 j - a +1 pair of gloves (worn)
 n - a +1 scale mail (worn)
 w - a +0 cloak (worn)
 y - a +0 buckler (worn)
Jewellery
 i - a +4 ring of evasion
 l - an uncursed amulet of regeneration
 o - an uncursed ring of protection from magic
 r - an amulet of resist corrosion (around neck)
 t - an uncursed ring of wizardry
 x - an uncursed amulet of guardian spirit
 z - a +3 ring of evasion
 A - an uncursed ring of sustain abilities
 J - a ring of fire (left hand)
 K - the ring of Qofiemp (right hand) {rN+ Str+3 Int+3}
   (You found it on level 13 of the Dungeon)

   [ring of intelligence]

   It affects your strength (+3).
   It affects your intelligence (+3).
   It protects you from negative energy.
Magical devices
 c - a wand of heal wounds (1)
 q - a wand of slowing (16)
 u - a wand of slowing (19)
 v - a wand of slowing (21)
 F - a wand of frost (19)
 G - a wand of slowing (13)
 L - a wand of magic darts (20)
 M - a wand of digging (15)
Scrolls
 e - 3 scrolls of magic mapping
 g - 4 scrolls of teleportation
 m - 8 scrolls of identify
 p - 7 scrolls of remove curse
 s - a scroll of fog
Potions
 d - 2 potions of restore abilities
 k - a potion of curing
 B - 2 potions of haste
 N - a potion of lignification {unknown}
Miscellaneous
 E - a lantern of shadows
Comestibles
 h - 3 meat rations
 H - 3 fruits
 I - a royal jelly


   Skills:
 * Level 12.7 Fighting
 + Level 10.7 Axes
 + Level 10.5 Armour
 + Level 9.9 Dodging
 + Level 3.2 Stealth
 + Level 4.1 Shields
 + Level 6.7 Evocations


You had 12 spell levels left.
You didn't know any spells.

Dungeon Overview and Level Annotations

Branches:
Dungeon (15/15)            Temple (0/1) D:6          Depths (1/5) D:15
   Lair: D:8-11         Orc: D:9-12      Vaults: D:13-14

Altars:
Ashenzari
Dithmenos
Fedhas
Gozag
Kikubaaqudgha
Makhleb
Qazlal
Trog
Xom
Yredelemnul
Zin
The Shining One

Shops:
D:4 (   D:5 *


Innate Abilities, Weirdness & Mutations

You are resistant to damage.
You can recharge devices by infusing magical energy.
You passively map the area around you.
You do not heal naturally.
You can translocate small distances at will.


Message History

Press: ? - help, Shift-Dir - straight line, f - you You feel much better.
This wand has 2 charges left.
Your skin stops crawling.
You feel less resistant to hostile enchantments.
The azure jelly barely misses you. The azure jelly misses you.
The azure jelly barely misses you. The azure jelly hits you.
The azure jelly hits you but does no damage.
The azure jelly hits you! The azure jelly freezes you!!
You feel a terrible chill!
* * * LOW HITPOINT WARNING * * *
The azure jelly hits you but does no damage. x2
Zapping:
c - a wand of heal wounds (2)
Press: ? - help, Shift-Dir - straight line, f - you You feel much better.
This wand has 1 charge left.
The azure jelly hits you. The azure jelly freezes you!!!
You feel a terrible chill!
* * * LOW HITPOINT WARNING * * *
The azure jelly hits you!
* * * LOW HITPOINT WARNING * * *
The azure jelly freezes you!!
You feel a terrible chill!
You die...

#.....# #...# #.....#
#...# #.....# #...#
######.....# #...#
#...<......#####...#
)...........)[.....#
....##'#########...#
....#...., , ,#...#
....#...... , #@..#
#............ #J..#
##.......... ,#...###
.##.....#### #.....#
..##..###............#
...##. ,............#
....# ,,............#
....# , ,............#
.(..... ##########.#


You could see an azure jelly shaped shifter.

Vanquished Creatures
  A fire giant (D:15)
  The ghost of North the Spear-Bearer, a powerful MfGl of Okawaru (D:14)
  2 centaur warriors (D:15)
  An unseen horror (D:15)
  3 hill giants
  A griffon (D:14)
  2 manticores
  7 ugly things
  5 cyclopes
  4 centaur zombies
  A gargoyle (D:11)
  A komodo dragon (D:15)
  An elf (shapeshifter) (D:15)
  A two-headed ogre (D:12)
  A harpy zombie (D:15)
  A two-headed ogre (shapeshifter) (D:15)
  2 trolls
  A wyvern (D:11)
  3 yaks (D:11)
  A deep elf mage (D:13)
  A hippogriff (D:7)
  A mottled dragon (D:15)
  3 eyes of draining
  A necrophage (D:7)
  4 orc warriors
  An ice beast (D:13)
  A black bear (D:12)
  A phantom (D:4)
  4 sky beasts
  4 ogres
  3 centaurs
  A big kobold (D:11)
  A brain worm (D:15)
  Blork the orc (D:7)
  6 giant frogs
  3 scorpions
  8 killer bees
  2 goliath beetles
  8 crimson imps
  A gnoll shaman (D:4)
  6 orc priests
  A jelly (D:7)
  A quasit (D:12)
  3 centaur skeletons
  A giant frog skeleton (D:8)
  4 worker ants
  7 hounds
  Natasha (thrice) (D:5)
  6 orc wizards
  4 sheep (D:11)
  Ijyb (D:2)
  Jessica (D:3)
  A hound skeleton (D:7)
  3 gnolls (D:4)
  6 adders
  2 shadow imps
  2 giant mites
  3 worms
  An adder skeleton (D:5)
  3 giant geckos
  2 oozes
  19 orcs
  12 bats
  2 bat skeletons
  4 giant cockroaches
  9 hobgoblins
  14 jackals
  16 kobolds
  9 quokkas
  A felid zombie (D:5)
  4 giant newts
  18 goblins
  A quokka zombie (D:5)
  15 rats
280 creatures vanquished.

Vanquished Creatures (others)
  2 giant spores
2 creatures vanquished.

Grand Total: 282 creatures vanquished

Notes
Turn   | Place    | Note
--------------------------------------------------------------
     0 | D:1      | poirepourri, the Deep Dwarf Berserker, began the quest for the Orb.
     0 | D:1      | Reached XP level 1. HP: 20/20 MP: 1/1
   261 | D:1      | Reached XP level 2. HP: 20/27 MP: 2/2
   705 | D:2      | Acquired Trog's second power
   705 | D:2      | Reached XP level 3. HP: 30/34 MP: 3/3
  1014 | D:2      | Gained mutation: You can translocate small distances at will. [potion of beneficial mutation]
  1063 | D:2      | Noticed Ijyb
  1070 | D:2      | Killed Ijyb
  1070 | D:2      | Reached XP level 4. HP: 44/44 MP: 4/4
  1093 | D:2      | Reached skill level 1 in Stealth
  1568 | D:3      | Reached XP level 5. HP: 50/50 MP: 5/5
  1571 | D:3      | Reached skill level 4 in Fighting
  1725 | D:3      | Noticed Jessica
  1736 | D:3      | Killed Jessica
  1893 | D:3      | Reached XP level 6. HP: 58/58 MP: 6/6
  2029 | D:3      | Noticed a moth of wrath
  2032 | D:3      | Found a bloodstained altar of Trog.
  2835 | D:4      | Reached skill level 5 in Axes
  2845 | D:4      | Found an ancient bone altar of Kikubaaqudgha.
  2856 | D:4      | Reached XP level 7. HP: 61/66 MP: 7/7
  2883 | D:4      | Reached skill level 5 in Fighting
  2893 | D:4      | Reached skill level 1 in Evocations
  3310 | D:4      | Found Xottul's Weapon Shop.
  3361 | D:5      | Entered Level 5 of the Dungeon
  3373 | D:5      | Found a burning altar of Makhleb.
  3482 | D:5      | Noticed Natasha
  3488 | D:5      | Killed Natasha
  3566 | D:5      | Found Saic's Assorted Antiques.
  3572 | D:5      | Bought a buckler for 135 gold pieces
  3572 | D:5      | Bought a ring of evasion for 60 gold pieces
  3584 | D:5      | Noticed Natasha
  3589 | D:5      | Killed Natasha
  3764 | D:5      | Noticed Natasha
  3769 | D:5      | Killed Natasha
  3910 | D:5      | Reached skill level 5 in Armour
  3910 | D:5      | Reached XP level 8. HP: 51/75 MP: 9/9
  3959 | D:6      | Reached skill level 5 in Dodging
  3991 | D:6      | Found a staircase to the Ecumenical Temple.
  4021 | D:6      | Found a stormy altar of Qazlal.
  4031 | D:6      | Found a blossoming altar of Fedhas.
  4036 | D:6      | Found an opulent altar of Gozag.
  4071 | D:6      | Found a glowing golden altar of the Shining One.
  4107 | D:6      | Reached skill level 6 in Axes
  4177 | D:6      | Found a shimmering altar of Xom.
  4177 | D:6      | Found a glowing silver altar of Zin.
  4180 | D:6      | Found a basalt altar of Yredelemnul.
  4182 | D:6      | Found a shadowy altar of Dithmenos.
  4307 | D:6      | Found a shattered altar of Ashenzari.
  4699 | D:7      | Reached skill level 7 in Axes
  4778 | D:7      | Gained mutation: You passively map the area around you. [level up]
  4778 | D:7      | Reached XP level 9. HP: 82/84 MP: 10/10
  4995 | D:7      | Noticed Blork the orc
  5009 | D:7      | Killed Blork the orc
  5326 | D:8      | Reached skill level 1 in Shields
  5523 | D:8      | You fall through a shaft for 3 floors!
  5523 | D:11     | Noticed a cyclops
  5561 | D:11     | Killed a cyclops
  5561 | D:11     | Reached skill level 8 in Axes
  5611 | D:11     | Noticed a cyan ugly thing
  5652 | D:11     | Killed a cyan ugly thing
  5910 | D:11     | Noticed a gargoyle
  5946 | D:11     | Killed a gargoyle
  5946 | D:11     | Reached XP level 10. HP: 83/94 MP: 7/9
  6069 | D:11     | Noticed a cyan ugly thing
  6088 | D:11     | Killed a cyan ugly thing
  6236 | D:11     | Noticed a cyclops
  6249 | D:11     | Killed a cyclops
  6386 | D:11     | Noticed a centaur skeleton
  6401 | D:11     | Killed a centaur skeleton
  6419 | D:11     | Reached skill level 9 in Axes
  6611 | D:12     | Noticed a cyclops
  6642 | D:12     | Killed a cyclops
  7296 | D:13     | Got a serpentine amber ring
  7300 | D:13     | Identified the ring of Qofiemp {rN+ Str+3 Int+3} (You found it on level 13 of the Dungeon)
  7318 | D:13     | Noticed a hill giant
  7333 | D:13     | Killed a hill giant
  7333 | D:13     | Reached XP level 11. HP: 74/104 MP: 12/12
  7395 | D:13     | Noticed a manticore
  7412 | D:13     | Killed a manticore
  7412 | D:13     | Reached skill level 5 in Evocations
  7531 | D:13     | Noticed a cyclops
  7544 | D:13     | Killed a cyclops
  7740 | D:13     | Noticed a hill giant
  7750 | D:13     | Killed a hill giant
  7796 | D:13     | Noticed a purple ugly thing
  7812 | D:13     | Killed a purple ugly thing
  8060 | D:14     | Noticed North's ghost (powerful MfGl)
  8152 | D:14     | Killed North's ghost
  8152 | D:14     | Reached skill level 10 in Axes
  8261 | D:14     | You fall through a shaft!
  8261 | D:15     | Entered Level 15 of the Dungeon
  8444 | D:15     | Noticed a centaur warrior
  8467 | D:15     | Killed a centaur warrior
  8467 | D:15     | Reached skill level 10 in Fighting
  8467 | D:15     | Reached skill level 10 in Armour
  8561 | D:15     | Noticed a skeletal warrior
  8561 | D:15     | Noticed a skeletal warrior
  8586 | D:15     | Noticed a skeletal warrior
  8586 | D:15     | Noticed a skeletal warrior
  8593 | D:15     | Noticed a skeletal warrior
  8599 | D:15     | HP: 3/109 [skeletal warrior/enchanted war axe (8)]
  8613 | D:15     | Reached XP level 12. HP: 55/116 MP: 9/9
  8645 | D:15     | Noticed a hill giant
  8660 | D:15     | Killed a hill giant
  8791 | D:15     | Reached skill level 12 in Fighting
  8791 | D:15     | Reached XP level 13. HP: 98/130 MP: 9/9
  8978 | D:15     | Found a staircase to the Depths.
  8978 | D:15     | Noticed a fire giant
  9058 | D:15     | Killed a fire giant
  9122 | D:15     | Noticed a centaur warrior
  9182 | D:15     | Killed a centaur warrior
  9230 | Depths:1 | Entered Level 1 of the Depths
  9230 | Depths:1 | Noticed a purple very ugly thing
  9230 | Depths:1 | Noticed an emperor scorpion
  9230 | Depths:1 | Noticed a caustic shrike
  9230 | Depths:1 | Noticed a sphinx
  9230 | Depths:1 | Noticed a white very ugly thing
  9230 | Depths:1 | Noticed a dire elephant
  9233 | Depths:1 | Noticed a stone giant
  9295 | D:15     | Killed an unseen horror
  9388 | D:15     | Noticed a dire elephant
  9389 | D:15     | Noticed an azure jelly
  9389 | D:15     | a dire elephant changed into an azure jelly
  9401 | D:15     | HP: 3/130 [azure jelly (shapeshifter) (7)]
  9401 | D:15     | Annihilated by an azure jelly (shapeshifter)

Action                   |  1- 3 |  4- 6 |  7- 9 | 10-12 | 13-15 || total
-------------------------+-------+-------+-------+-------+-------++-------
Melee: Hand axe          |   103 |   152 |   409 |   508 |    86 ||  1258
Invok: Trog's Hand       |     1 |     6 |    12 |    30 |     4 ||    53
       Berserk           |     1 |     3 |     4 |     6 |     2 ||    16
       Burn Spellbooks   |       |       |       |     1 |       ||     1
 Abil: Device Recharging |       |       |     5 |     8 |     5 ||    18
       Blink             |       |       |       |       |     2 ||     2
Evoke: Wand              |       |     3 |    20 |    48 |    20 ||    91
  Use: Scroll            |    11 |       |     6 |    10 |     2 ||    29
       Potion            |     8 |     2 |     5 |     6 |       ||    21
  Eat: Bread ration      |     1 |     1 |     2 |     2 |       ||     6
       Meat ration       |       |     1 |       |     2 |       ||     3
       Beef jerky        |       |     1 |       |       |     1 ||     2
       Pizza             |       |       |     2 |       |     1 ||     3
       Royal jelly       |       |       |     1 |       |       ||     1
